 Dungeon Crawl Stone Soup version 0.29.1-1-gd02db6906a (webtiles) character file.

Game seed: 5744747606731509104

93 masschaos23 the Trooper (level 4, -14/41 HPs)
             Began as a Hill Orc Fighter on Sept 15, 2022.
             Killed from afar by Ijyb (15 damage)
             ... with a bolt of acid
             ... on level 4 of the Dungeon.
             The game lasted 00:03:03 (1771 turns).

masschaos23 the Trooper (Hill Orc Fighter)          Turns: 1771, Time: 00:03:04

Health: -14/41     AC:  8    Str: 20    XL:     4   Next: 61%
Magic:  4/4        EV:  9    Int:  8    God:
Gold:   85         SH:  4    Dex: 10    Spells: 3/3 levels left

rFire   . . .      SeeInvis .   a - +0 war axe
rCold   . . .      Faith    .   c - +0 buckler
rNeg    . . .      Spirit   .   b - +0 scale mail
rPois   .          Reflect  .   (no helmet)
rElec   .          Harm     .   (no cloak)
rCorr   .          Rampage  .   f - +0 pair of gloves
Will    .....                   (no boots)
Stlth   ..........              (no amulet)
HPRegen 0.13/turn               (no ring)
MPRegen 0.09/turn               (no ring)

@: no status effects
A: no striking features
a: no special abilities


You were on level 4 of the Dungeon.
You visited 1 branch of the dungeon, and saw 4 of its levels.

You collected 85 gold pieces.

Inventory:

Hand Weapons
 a - a +0 war axe (weapon)
Missiles
 g - 2 poisoned darts
 h - 4 boomerangs of dispersal (quivered)
 m - 6 boomerangs
Armour
 b - a +0 scale mail (worn)
 c - a +0 buckler (worn)
 f - a +0 pair of gloves (worn)
 l - a +0 pair of boots
Scrolls
 e - a scroll of noise {unknown}
 i - a scroll of silence {unknown}
 j - 6 scrolls of identify {unknown}
 k - 2 scrolls of fear {unknown}
 n - a scroll of brand weapon {unknown}
 o - a scroll of blinking {unknown}
Potions
 d - a potion of might


   Skills:
 + Level 4.4 Fighting
 + Level 4.0 Axes
 + Level 3.8 Armour
 + Level 0.3 Dodging
 + Level 3.9 Shields


You had 3 spell levels left.
You didn't know any spells.
Your spell library was empty.

Dungeon Overview and Level Annotations

Branches:
Dungeon (4/15)             Temple (0/1) D:4

Altars:

Annotations:
D:4 Ijyb


Message History

You slash the kobold!
You kill the kobold!
No target in view!
No target in view!
An ogre comes into view. It is wielding a +0 giant club.
Found 12 gold pieces.
Found a staircase to the Ecumenical Temple.
You see here a +0 dagger.
An ogre is nearby!
Ijyb and a gnoll come into view.
Ijyb is wielding a +0 club and carrying a wand of acid (6).
Found 8 stones.
Ijyb shouts!
The gnoll shouts!
You hear a shout! x2
You block the ogre's attack.
Ijyb moves out of view.
You slash the ogre!
The ogre is moderately wounded.
A gnoll comes into view. It is wielding a +0 halberd.
You hit the ogre.
The ogre is heavily wounded.
The ogre hits you with a +0 giant club!!
Ouch! That really hurt!
An endoplasm comes into view.
The endoplasm quivers.
You are too injured to fight recklessly!
You are too injured to fight recklessly!
You are too injured to fight recklessly!
You are too injured to fight recklessly!
You are too injured to fight recklessly!
There are monsters nearby!
You are too injured to fight recklessly!
You are too injured to fight recklessly!
You are too injured to fight recklessly!
You are too injured to fight recklessly!
You slash the ogre!
The ogre is severely wounded.
The ogre hits you with a +0 giant club!
* * * LOW HITPOINT WARNING * * *
A gnoll comes into view. It is wielding a +0 halberd.
Ijyb zaps a wand.
The bolt of acid hits you!
You die...

#.....##
#####..##
#......##
#.#.....##
#...#.....#
##...#...#.#
##.)#.#.#...#
#....###....#
#..#..@#...#..#
#....#..O..#....
#..#####.>g## #.
#.. #..g..# ...
#...#$..# ..
....###g...
.J(.# #..#.
..... ... #
..... g.##


You could see an ogre, Ijyb and 2 gnolls.

Vanquished Creatures
  4 adders (D:2)
  A worm (D:2)
  A dart slug (D:1)
  5 ball pythons
  6 bats
  An endoplasm (D:2)
  A giant cockroach (D:2)
  3 goblins (D:1)
  9 hobgoblins
  2 jackals (D:1)
  4 kobolds
  2 quokkas
  3 frilled lizards (D:1)
  4 rats
46 creatures vanquished.

Notes
Turn   | Place    | Note
-------+----------+-------------------------------------------
     0 | D:1      | masschaos23 the Hill Orc Fighter began the quest for the
                  | Orb.
     0 | D:1      | Reached XP level 1. HP: 19/19 MP: 1/1
   180 | D:1      | Reached XP level 2. HP: 14/27 MP: 2/2
   580 | D:1      | Reached XP level 3. HP: 33/33 MP: 3/3
  1029 | D:2      | Reached XP level 4. HP: 40/40 MP: 4/4
  1033 | D:2      | Found a faded altar of an unknown god.
  1589 | D:2      | You fall into a shaft and drop 2 floors!
  1764 | D:4      | Found a staircase to the Ecumenical Temple.
  1764 | D:4      | Noticed an ogre
  1767 | D:4      | Noticed Ijyb
  1770 | D:4      | HP: 1/41 [ogre/+0 giant club (15)]
  1771 | D:4      | Killed from afar by Ijyb

Illustrated notes

Levels and vault maps discovered:
D:1:      elethiomel_arrival_fortress_basement, layout_basic
D:2:      layout_rooms, shapermc_ecumenical_altar_mp_highgroup, fountainhead
D:3:      layout_basic, grunt_ministairs_7, uniq_sigmund
D:4:      layout_basic, minmay_temple_entry_arrows, uniq_ijyb

Skill      XL: |  1  2  3  4 |
---------------+-------------+-----
Fighting       | 4 |  4.4
Axes           | 3 4 |  4.0
Armour         | |  3.8
Dodging        | |  0.3
Shields        | |  3.9

Action                   |  1- 3 |  4- 6 || total
-------------------------+-------+-------++-------
Melee: War axe           |    73 |    35 ||   108
Throw: Dart              |     2 |       ||     2
Armor: Scale mail        |    55 |    14 ||    69
Dodge: Dodged            |    36 |    16 ||    52
Block: Buckler           |    20 |     9 ||    29
